Map: Stasis LE

Players

Mesrob - Winner!

  • Race: Terran Terran
  • League: Gold
  • Spawn Location: 1:00

chuckdoodle

  • Race: Terran Terran
  • League: Gold
  • Spawn Location: 11:00

VOD

Have the link to the VOD?

Description

Time

  • Played on: Jan. 15, 2019, 3:18 p.m.
  • Length: 21:40
Show
View Real Time Build Order
Export as new Build Order

Mesrob Terran - Winner!

Build Orders: Mech 

Get SALT Encoding   

  12  0:00  SCV  
  13  0:13  SCV  
  14  0:22  Supply Depot  
  14  0:25  SCV  
  15  0:33  Refinery  
  15  0:44  SCV  
  15  0:49  Barracks  
  16  0:56  SCV  
  17  1:08  SCV  
  18  1:20  SCV  
  19  1:36  Orbital Command  
  19  1:42  Command Center  
  19  1:46  Marine  
  20  2:00  Factory  
  20  2:04  Marine  
  21  2:14  Refinery  
  21  2:31  Bunker  
  21  2:35  Barracks Tech Lab  
  21  2:44  SCV  
  22  2:55  Supply Depot  
  22  2:56  SCV  
  23  3:17  Siege Tank  
  23  3:18  Engineering Bay  
  26  3:21  Supply Depot  
  26  3:39  Orbital Command  
  26  3:44  Supply Depot, Armory  
  26  3:50  SCV  
  26  3:55  Siege Tank  
  30  4:07  Supply Depot  
  30  4:14  SCV x2  
  32  4:26  SCV  
  32  4:29  Siege Tank  
  36  4:35  Factory  
  36  4:42  Refinery  
  33  5:07  Missile Turret  
  31  5:12  SCV  
  24  5:24  SCV  
  23  5:34  Missile Turret  
  23  5:36  SCV  
  23  5:40  Missile Turret  
  24  5:51  Missile Turret x2  
  24  5:55  SCV x2  
  26  6:00  Refinery  
  26  6:01  Thor  
  32  6:07  SCV  
  32  6:08  SCV  
  31  7:02  SCV x2  
  33  7:10  Factory Reactor  
  33  7:14  SCV x2  
  35  7:17  Factory  
  35  7:26  SCV x2  
  37  7:38  Missile Turret, SCV x2  
  39  7:50  SCV x2  
  41  8:00  Missile Turret  
  41  8:02  SCV  
  42  8:14  SCV  
  43  8:24  Missile Turret  
  43  8:26  SCV x2  
  45  8:36  Command Center  
  45  8:38  SCV x2  
  45  8:40  Hellbat x2  
  51  8:41  Factory Tech Lab  
  51  8:50  SCV  
  51  8:51  Factory, SCV  
  51  8:53  Missile Turret  
  53  8:56  Missile Turret  
  53  9:03  SCV x2  
  55  9:15  SCV x2  
  57  9:21  Missile Turret  
  57  9:26  Thor  
  57  9:27  SCV  
  57  9:29  Hellbat x2  
  68  9:36  Factory, Factory Reactor  
  68  9:38  Terran Vehicle Weapons Level 1  
  68  9:45  Supply Depot  
  68  9:47  Supply Depot  
  68  9:50  Sensor Tower  
  68  9:51  SCV x2  
  70  10:03  SCV x2  
  72  10:08  Supply Depot  
  72  10:11  Command Center  
  72  10:14  Thor  
  78  10:25  Planetary Fortress  
  78  10:30  SCV x2  
  78  10:35  Missile Turret  
  80  10:38  Factory Tech Lab  
  81  10:42  SCV  
  81  10:43  SCV  
  82  10:55  SCV x2  
  82  10:56  Missile Turret  
  84  11:07  SCV x2  
  84  11:11  Thor  
  92  11:18  Refinery  
  92  11:19  Sensor Tower  
  92  11:21  Refinery  
  92  11:22  SCV x2  
  92  11:23  SCV  
  92  11:34  SCV x2  
  92  11:35  SCV  
  95  11:41  Sensor Tower  
  95  11:49  Thor  
  95  11:50  Thor  
  95  11:52  Hellbat x4  
  117  11:54  Hellbat  
  105  12:13  Hellbat x4  
  105  12:15  Thor  
  119  12:19  Supply Depot  
  103  12:32  SCV x3  
  86  12:44  SCV x3  
  86  13:01  Supply Depot  
  86  13:02  Hellbat x2, Thor x2  
  94  13:09  SCV x3  
  97  13:21  SCV x2  
  97  13:22  SCV  
  97  13:23  Thor  
  97  13:25  Hellion x2, Hellbat  
  97  13:26  Hellion  
  114  13:36  Barracks  
  98  13:45  Thor  
  104  13:55  Siege Tank  
  105  13:57  Hellbat  
  105  13:58  Hellbat x3  
  111  14:06  Thor  
  117  14:19  Hellion  
  117  14:24  Factory  
  119  14:34  Factory  
  119  14:35  Supply Depot  
  111  14:58  Supply Depot  
  109  15:06  Siege Tank  
  112  15:08  Siege Tank  
  112  15:10  Hellion x4  
  112  15:12  Factory Reactor  
  129  15:20  Supply Depot  
  129  15:21  Factory  
  129  15:23  Factory  
  129  15:34  Factory Tech Lab  
  129  15:36  Hellion  
  129  15:37  Hellion x3  
  129  15:38  Thor  
  143  15:43  Supply Depot  
  143  16:00  Thor  
  143  16:01  Thor  
  143  16:02  Hellion x2  
  143  16:03  Hellion x2  
  163  16:05  Hellion x2  
  163  16:06  Supply Depot  
  163  16:08  Terran Vehicle And Ship Armor Level 1  
  161  16:14  Armory  
  161  16:18  Supply Depot  
  161  16:20  Factory Tech Lab  
  161  16:22  Factory Tech Lab  
  161  16:26  Thor  
  167  16:36  Supply Depot  
  167  16:37  Command Center  
  167  16:55  SCV x2  
  167  16:56  SCV  
  167  17:00  Supply Depot  
  167  17:01  Hellion x18  
  170  17:04  Supply Depot  
  170  17:06  Terran Vehicle Weapons Level 2  
  170  17:22  Supply Depot  
  170  17:27  Supply Depot  
  170  17:28  Thor x2  
  170  17:29  Hellbat x2, Thor  
  198  17:45  Supply Depot  
  198  17:50  Supply Depot  
  176  18:04  Thor  
  156  18:05  Hellbat x2  
  156  18:06  Hellbat x3  
  156  18:11  Supply Depot  
  142  18:15  Thor  
  142  18:16  Hellbat, Thor  
  142  18:17  Thor  
  160  18:32  Hellbat x3  
  166  18:40  Planetary Fortress  
  164  18:59  Hellbat x3  
  164  19:00  Hellbat x3  
  176  19:07  Planetary Fortress  
  176  19:11  Refinery  
  176  19:40  Refinery  
  176  19:44  Refinery  
  176  19:47  Thor x2  
  176  19:48  Hellbat x2  
  176  19:49  Hellbat  
  164  20:19  Thor x2  
  180  20:21  Hellbat x3  
  180  20:22  Hellbat, Thor  
  174  20:40  Thor  
  174  20:41  Thor  
  174  20:42  Hellbat  
  182  21:07  Hellbat x2  
Show
View Real Time Build Order
Export as new Build Order

chuckdoodle Terran 

Build Orders: 1/1/1, Banshee Rush 

Get SALT Encoding   

  12  0:02  SCV  
  14  0:14  SCV  
  14  0:20  Supply Depot  
  14  0:26  SCV  
  15  0:31  Refinery  
  15  0:42  SCV  
  16  0:46  Barracks  
  16  0:54  SCV  
  17  1:06  SCV  
  18  1:13  Supply Depot  
  18  1:18  SCV  
  19  1:30  SCV  
  20  1:36  Marine, Factory  
  21  1:44  Orbital Command  
  21  1:57  Reaper  
  22  2:01  Refinery  
  22  2:09  SCV  
  22  2:28  Starport  
  22  2:29  SCV  
  23  2:36  Factory Tech Lab  
  23  2:41  SCV  
  24  2:53  Marine  
  24  2:54  Command Center  
  25  2:59  SCV  
  26  3:10  Supply Depot  
  25  3:14  Factory Tech Lab  
  25  3:16  Cloaking Field  
  25  3:19  Banshee  
  28  3:26  SCV  
  29  3:30  Marine  
  30  3:40  Barracks  
  30  3:43  Siege Tank  
  33  3:54  Barracks Tech Lab  
  33  3:55  SCV  
  34  4:13  Marine  
  34  4:15  Siege Tank  
  38  4:29  Marine  
  38  4:31  Marine  
  40  4:46  Marine, Stimpack  
  41  5:06  SCV x2  
  43  5:08  Marine  
  43  5:09  Marine  
  43  5:11  Medivac, Siege Tank  
  50  5:18  SCV x2  
  52  5:26  Marine x2  
  54  5:41  Supply Depot  
  54  6:02  Marine x2, Siege Tank, SCV x2  
  61  6:20  Marine  
  62  6:35  Marine  
  62  6:38  Marine  
  62  6:50  Medivac  
  62  6:53  Marine  
  62  6:57  Marine  
  62  7:00  Orbital Command  
  59  7:01  Siege Tank  
  59  7:02  SCV  
  59  7:10  Marine  
  59  7:14  Marine, SCV  
  59  7:15  Command Center, Barracks  
  62  7:20  Barracks  
  62  7:30  Supply Depot  
  62  7:51  Marine x2  
  62  7:52  Siege Tank, SCV x2  
  62  7:53  Barracks  
  69  8:02  Marine  
  70  8:11  Supply Depot  
  70  8:26  Supply Depot x2  
  70  8:27  Marine x4, Banshee, Siege Tank, SCV x2  
  82  8:39  SCV x2  
  84  8:44  Marine x3  
  87  8:49  Supply Depot, Orbital Command  
  87  8:52  SCV x2  
  87  8:54  Refinery  
  89  8:56  Marine  
  89  8:57  Marine, Refinery  
  89  9:02  Marine x3  
  91  9:06  SCV x2  
  96  9:10  Medivac  
  96  9:14  Marine x2  
  100  9:18  SCV x2  
  100  9:20  Marine  
  103  9:27  Marine x2  
  103  9:30  Siege Tank  
  108  9:32  Marine x2  
  108  9:38  Marine  
  110  9:39  SCV x3  
  110  9:40  Medivac  
  110  9:43  Bunker  
  110  9:45  Marine  
  117  10:00  Supply Depot  
  117  10:01  Supply Depot, Engineering Bay  
  117  10:21  Marine x4  
  117  10:22  SCV x3  
  117  10:23  Supply Depot  
  117  10:25  Supply Depot  
  124  10:34  SCV x3  
  127  10:46  SCV x3  
  130  10:53  Marine x2  
  130  10:54  Marine x3, Sensor Tower  
  135  11:11  Marine x3  
  135  11:12  Marine x2  
  112  12:15  Marine x4  
  113  12:16  Marine  
  97  12:33  Marine x5  
  97  12:50  Marine  
  97  12:51  Marine x4  
  79  13:07  Siege Tank  
  79  13:08  Marine  
  79  13:09  Marine x4  
  79  13:10  SCV x3  
  90  13:17  Barracks  
  90  13:18  Barracks  
  90  13:19  Barracks  
  90  13:20  Barracks x2  
  90  13:26  Marine x3  
  90  13:27  Marine x2  
  95  13:39  Siege Tank  
  92  13:44  Marine x2  
  94  13:54  Marine x3  
  89  13:57  Medivac  
  89  14:01  Combat Shield  
  89  14:02  Marine x2  
  89  14:11  Marine, Siege Tank  
  89  14:12  Marine x2  
  89  14:13  Barracks  
  95  14:17  Marine x4  
  95  14:21  Marine x3  
  102  14:27  Medivac  
  102  14:29  Marine  
  105  14:33  Marine x2  
  105  14:35  Marine x4  
  111  14:43  Siege Tank  
  114  14:48  Marine x4  
  114  14:50  Marine  
  114  14:51  Marine  
  107  14:53  Marine x2  
  107  14:57  Marine x2  
  106  15:00  Marine  
  106  15:02  Barracks  
  106  15:05  Marine  
  106  15:06  Marine x3  
  111  15:08  Marine x2  
  111  15:10  Marine  
  111  15:11  Marine  
  115  15:14  Marine  
  115  15:15  Marine  
  115  15:17  Marine  
  115  15:21  Siege Tank  
  121  15:23  Marine x2  
  121  15:24  Marine x2, Command Center  
  121  15:26  Marine x2  
  127  15:28  Marine x2  
  127  15:31  Medivac  
  127  15:32  Marine x2  
  133  15:35  Marine  
  133  15:39  Starport  
  133  15:41  Marine x2  
  133  15:42  Marine, SCV x3  
  140  15:45  Marine x3  
  140  15:46  Marine x2  
  145  15:50  Marine x2  
  145  15:52  Barracks  
  145  15:53  Marine  
  145  15:54  SCV  
  149  16:07  Supply Depot  
  149  16:08  Supply Depot x2  
  149  16:09  Supply Depot  
  149  16:17  Starport  
  149  16:29  Marine x12, Medivac, Siege Tank, SCV  
  149  16:30  SCV  
  168  16:35  Supply Depot x3  
  168  16:40  Barracks  
  168  16:41  SCV  
  168  16:42  SCV  
  168  16:46  Marine x5  
  175  16:47  Marine x2  
  175  16:54  Marine x3, SCV  
  178  16:56  Starport  
  178  16:59  Marine x3, Medivac, Orbital Command  
  186  17:01  Siege Tank  
  186  17:04  Marine  
  190  17:15  Marine x3  
  191  17:16  Marine x4  
  191  17:17  Marine x3  
  134  18:01  Marine  
  134  18:02  Marine x5  
  134  18:03  Marine x6  
  134  18:04  Marine  
  94  18:19  Marine x2  
  85  18:20  Marine x5  
  85  18:21  Marine x3  
  85  18:26  Marine x3  
  93  18:37  Marine x3  
  93  18:38  Marine x4  
  98  18:42  Marine  
  98  18:43  Marine x2, Command Center  
  98  18:44  Marine x3  
  104  18:51  Starport Tech Lab x2  
  104  18:55  Marine x4  
  106  18:56  Marine x2  
  106  18:58  Starport Tech Lab  
  106  18:59  Fusion Core  
  106  19:02  SCV x4  
  114  19:14  Refinery, SCV x4  
  118  19:21  Marine x4  
  118  19:22  Marine x6  
  118  19:23  Marine x3  
  131  19:26  SCV x3  
  134  19:39  Marine x6  
  134  19:40  Marine x4  
  134  19:41  Marine x2  
  134  19:43  Marine  
  147  19:48  Battlecruiser x3  
  165  19:57  Marine x7  
  165  19:58  Marine x4  
  165  19:59  Marine  
  176  20:01  Marine  
  129  20:14  Marine x2  
  129  20:15  Marine x5  
  129  20:21  Marine x5  
  126  20:32  Marine x3  
  126  20:35  Marine x3  
  115  20:39  Marine x4  
  111  20:50  Marine x2  
  111  20:53  Marine x3  
  128  21:00  Marine  
  128  21:01  Marine  
  125  21:08  Marine x2  
Tags
 
Composition
Mech
League
GoldGold
Matchup
TvT
Opening
1/1/1
Race
Terran
Replay Pack
sc2 replays
Spawn Locations
Close Positions
Strategy
Banshee Rush
Add a new tag
Caveats
  • Supply blocks, unpowered buildings, or Contaminate may cause inaccurate times.
  • Supply counts are checked every 10 seconds.